 Dungeon Crawl Stone Soup version 0.20-a0-893-g832831a (console) character file.

332321 nht the Vampiric Blade (level 20, -1/152 HPs)
             Began as a Vampire Berserker on Mar 16, 2017.
             Was the Champion of Trog.
             Slain by an Ice Fiend (26 damage)
             ... summoned by a deep elf demonologist
             ... led by an ironheart preserver
             ... on level 4 of the Vaults on Mar 17, 2017.
             The game lasted 01:55:54 (35600 turns).

nht the Vampiric Blade (Vampire Berserker)         Turns: 35600, Time: 01:55:55

Health: -1/152     AC: 41    Str: 18    XL:     20   Next: 89%
Magic:  20/20      EV: 19    Int: 10    God:    Trog [******]
Gold:   2016       SH:  0    Dex: 25    Spells: 19/19 levels left

rFire    + . .     SeeInvis +   Y - +10 triple sword {slice, Int+5 Stlth+}
rCold    . . .     Gourm    .   o - +27 Lear's hauberk
rNeg     + + .     Faith    .   (shield currently unavailable)
rPois    +         Spirit   .   (helmet currently unavailable)
rElec    +         Reflect  .   z - +2 cloak {rPois}
rCorr    .         Harm     .   (gloves currently unavailable)
MR       +++..                  (boots currently unavailable)
Stlth    +++.......             X - amulet of regeneration
Regen    1.0/turn               t - ring "Kunouwoe" {+Fly rN+ Slay+2}
MPRegen  0.2/turn               s - ring of the Voivode {rElec rN+ MR+ Int-4 Dex+4}

@: exhausted, regenerating quickly, slowed, very slow
A: antennae 1, fangs 3, see invisible, blink, fire resistance 1, sense
surroundings 1, unbreathing
}: 2/15 runes: decaying, gossamer
a: Blink, Berserk, Trog's Hand, Brothers in Arms, Burn Spellbooks, Renounce
Religion, Evoke Flight


You were on level 4 of the Vaults.
You worshipped Trog.
Trog was exalted by your worship.
You were full.

You visited 6 branches of the dungeon, and saw 35 of its levels.
You also visited: Labyrinth.

You collected 3819 gold pieces.
You spent 1803 gold pieces at shops.

Inventory:

Hand Weapons
 a - a +9 antimagic triple sword
 Y - the +10 triple sword of Qacvoth (weapon) {slice, Int+5 Stlth+}
   (Trog gifted it to you on level 4 of the Vaults)

   It inflicts extra damage upon your enemies.
   It affects your intelligence (+5).
   It makes you more stealthy.
Missiles
 b - 12 poisoned needles
 c - 2 poisoned javelins (quivered)
 g - a throwing net
 i - 3 steel tomahawks
 v - 13 silver javelins
 x - 18 javelins of returning
 I - 2 poisoned tomahawks
 J - 7 javelins
 L - 21 javelins of penetration
 Q - 7 curare-tipped needles
 T - 8 needles of sleeping
 V - 7 needles of confusion
 W - 7 needles of frenzy
Armour
 n - a +2 hat of magic resistance
 o - the +27 Lear's hauberk (worn)
   (You found it on level 13 of the Dungeon)
 z - a +2 cloak of poison resistance (worn)
 K - the +1 hat of Decompression {rF++ rC+ Stlth-}
   (You found it on level 2 of the Orcish Mines)

   It greatly protects you from fire.
   It protects you from cold.
   It makes you less stealthy.
 M - the +1 leather armour of Anaesthesia {rC++ MR+ Dex+5}
   (You found it on level 4 of the Lair of Beasts)

   It affects your dexterity (+5).
   It greatly protects you from cold.
   It affects your resistance to hostile enchantments.
 Z - the +5 scale mail of Disaster {rPois rN+ MR+ Stlth+}
   (You bought it in a shop on level 2 of the Orcish Mines)

   It protects you from poison.
   It protects you from negative energy.
   It affects your resistance to hostile enchantments.
   It makes you more stealthy.
Jewellery
 l - the macabre finger necklace {rN+}
   (You found it on level 1 of the Swamp)

   [amulet of nothing]

   It protects you from negative energy.
 s - the ring of the Voivode (left hand) {rElec rN+ MR+ Int-4 Dex+4}
   (You bought it in a shop on level 15 of the Dungeon)

   [ring of dexterity]

   It affects your intelligence (-4).
   It affects your dexterity (+4).
   It insulates you from electricity.
   It protects you from negative energy.
   It affects your resistance to hostile enchantments.
 t - the ring "Kunouwoe" (right hand) {+Fly rN+ Slay+2}
   (You found it in a labyrinth)

   [ring of positive energy]

   It affects your accuracy and damage with ranged weapons and melee attacks
   (+2).
   It protects you from negative energy.
   It lets you fly.
 X - an amulet of regeneration (around neck)
Wands
 B - a wand of paralysis (11/24)
 O - a wand of digging (8/24)
Scrolls
 d - 15 scrolls of remove curse
 q - 5 scrolls of recharging
 r - 12 scrolls of enchant armour
 y - 6 scrolls of fog
 E - 2 scrolls of blinking
 F - 3 scrolls of enchant weapon
 G - 3 scrolls of fear
 H - 7 scrolls of identify
 P - a scroll of summoning
 R - 11 scrolls of teleportation
 S - 3 scrolls of magic mapping
Potions
 e - 13 potions of curing
 f - 3 potions of invisibility
 h - 3 potions of heal wounds
 j - 5 potions of haste
 k - a potion of agility
 p - 2 potions of cancellation
 u - 2 potions of might
 w - 2 potions of resistance
 A - 7 potions of mutation
 C - 3 potions of berserk rage
 D - 2 potions of flight
 N - 5 potions of ambrosia
 U - 52 potions of blood


   Skills:
 + Level 11.9 Fighting
 - Level 24.4 Long Blades
 * Level 17.3 Throwing
 + Level 7.6 Armour
 + Level 14.9 Dodging
 + Level 11.2 Stealth


You had 19 spell levels left.
You didn't know any spells.

Dungeon Overview and Level Annotations

Branches:
Dungeon (15/15)            Temple (0/1) D:5            Lair (6/6) D:10
  Swamp (4/4) Lair:3       Spider (4/4) Lair:3        Slime (0/5) Lair:5
    Orc (2/2) D:9             Elf (0/3) Orc:2        Vaults (4/5) D:13
  Crypt (0/3) Vaults:2     Depths (0/5) D:15

Altars:
Cheibriados
Dithmenos
Elyvilon
Gozag
Hepliaklqana
Kikubaaqudgha
Makhleb
Nemelex Xobeh
Qazlal
Ru
Sif Muna
Trog
Uskayaw
Wu Jian
Yredelemnul
Zin
The Shining One
Jiyva
Lugonu

Shops:
D:4 =   D:6 }   D:15 =   Orc:2 *%}[   Vaults:3 *

Portals:
Pandemonium: Orc:2


Innate Abilities, Weirdness & Mutations

Your natural rate of healing is unusually fast.
You have razor-sharp teeth.
You have supernaturally acute eyesight. (SInv)
You can survive without breathing.
You have a pair of small antennae on your head.
You can translocate small distances at will.
Your flesh is heat resistant. (rF+)
You passively map a small area around you.


Message History

The Ice Fiend claws you. The Ice Fiend freezes you!!
The Ice Fiend claws you but does no damage.
You closely miss the deep elf demonologist.
Your bite misses the deep elf demonologist.
The deep elf demonologist is severely wounded.
The ice devil hits you but does no damage.
The smoke demon barely misses you. The smoke demon misses you.
The smoke demon closely misses you.
The Ice Fiend claws you but does no damage.
The Ice Fiend claws you! The Ice Fiend freezes you!!!
* * * LOW HITPOINT WARNING * * *
The deep elf demonologist gestures wildly while chanting.
You barely miss the deep elf demonologist.
The deep elf demonologist is severely wounded.
The lorocyproca misses you.
You riposte.
You slash the lorocyproca!
The lorocyproca is lightly wounded.
The ice devil barely misses you. The Ice Fiend claws you!
* * * LOW HITPOINT WARNING * * *
The Ice Fiend freezes you!!
You die... ███████..........█ █..........█ ██████'█████

, , █.....████████+ * *
* ███.███.█........
{█)█.█)..█........
█.█████)█)█████e...(...
█......)..█...█43((....
█████..)))███.)@e..)...
*
█.█....>..█(..█2144....
█.███.....███.█1.......
█.█(..........█████████*
█.███.███.███.█
█.█)....█.█)█.█
█.███.█████.█.█
█...........█.█


███████████████ You could see an Ice Fiend, a lorocyproca (invisible), an
Executioner, a deep elf demonologist, an ice devil, 2 rust devils, a deep elf
mage and a smoke demon.

Vanquished Creatures
  Xtahua (Vaults:2)
  Arachne (Spider:3)
  The ghost of krabocopter the Warrior, an adept MiBe of Trog (Vaults:3)
  A lich (Vaults:4)
  Jorgrun (Swamp:4)
  Rupert (Lair:5)
  A tentacled monstrosity (Vaults:3)
  2 storm dragons
  3 tengu reavers
  3 thorn hunters
  A deep elf sorcerer (Vaults:2)
  A fire giant (Vaults:2)
  5 ghost moths (Spider:4)
  8 vault wardens
  2 orc warlords (Orc:2)
  5 emperor scorpions (Spider:4)
  14 ironheart preservers
  2 very ugly things
  4 stone giants
  6 entropy weavers
  2 deep elf annihilators (Vaults:4)
  2 spark wasps
  A deep elf demonologist (Vaults:2)
  An ettin (Vaults:3)
  A minotaur (Lab)
  4 fire dragons
  6 vault guards
  9 yaktaur captains
  2 ice dragons
  2 great orbs of eyes
  3 rakshasas (Vaults:3)
  Erica (Lair:1)
  15 hydras
  2 ghost crabs
  18 two-headed ogres
  15 alligators
  2 deep troll earth magi
  8 centaur warriors
  12 death yaks
  A tengu warrior (D:14)
  7 ogre magi
  7 orc high priests (Orc:2)
  8 deep elf knights
  A soul eater (Orc:2)
  A fire crab (shapeshifter) (Vaults:1)
  12 swamp dragons
  2 skeletal warriors (D:15)
  A fire crab (Swamp:4)
  An infernal demonspawn (Orc:2)
  16 deep trolls
  4 wizards
  A torturous demonspawn (Orc:2)
  A spriggan druid (Swamp:4)
  A tengu zombie (Vaults:4)
  12 deep elf archers
  10 ironbrand convokers
  The ghost of derval the Grappler, a novice TrBe of Trog (D:6)
  A gelid demonspawn (Orc:2)
  2 shambling mangroves (Swamp:4)
  A wolf spider zombie (D:15)
  2 flayed ghosts
  2 lindwurms (Swamp:4)
  31 deep elf magi
  13 orb spiders
  18 orc knights
  44 wolf spiders
  20 ugly things
  8 cyclopes
  2 frost giant zombies (D:15)
  5 necromancers
  A human zombie (Vaults:4)
  A manticore (D:12)
  7 orc sorcerers
  21 elephants
  A moth of wrath (shapeshifter) (Vaults:1)
  A stone giant zombie (Vaults:4)
  A titan simulacrum (Vaults:4)
  A moth of wrath (Spider:1)
  4 black mambas
  14 vault sentinels
  2 centaur zombies
  An ice statue (D:13)
  2 rust devils (Orc:2)
  3 torpor snails
  7 komodo dragons
  8 freezing wraiths
  A rime drake (Lair:4)
  34 spiny frogs
  28 yaktaurs
  13 demonic crawlers
  3 kobold demonologists (D:11)
  A tengu conjurer (D:14)
  2 efreet (D:15)
  5 centaur skeletons
  A red devil (Orc:2)
  3 polar bears (Lair:5)
  2 queen bees (shapeshifter) (Vaults:2)
  6 trolls
  38 jumping spiders
  11 bog bodies
  8 tyrant leeches
  16 hornets
  38 slime creatures
  A troll (shapeshifter) (Vaults:3)
  Prince Ribbit (Lair:2)
  A harpy zombie (D:15)
  25 blink frogs
  12 hippogriffs
  A hippogriff (shapeshifter) (Vaults:1)
  11 dream sheep
  5 spriggans
  74 redbacks
  A spriggan (shapeshifter) (Vaults:2)
  A shadow (Swamp:4)
  2 ettin skeletons (D:15)
  A human (shapeshifter) (D:14)
  A tarantella (shapeshifter) (Vaults:3)
  A wyvern (Lair:3)
  4 wraiths
  4 hogs (Spider:3)
  26 yaks
  A neqoxec (Orc:2)
  17 humans (D:13)
  27 tarantellas
  A basilisk (Lair:4)
  4 fire bats (Swamp:4)
  2 hungry ghosts
  4 steam dragons
  A chaos spawn (Orc:2)
  41 vampire mosquitoes
  10 wargs
  8 water moccasins
  13 swamp worms
  12 porcupines
  A soldier ant (D:13)
  13 swamp drakes
  56 orc warriors
  A floating eye (shapeshifter) (Vaults:1)
  An ice beast (shapeshifter) (Vaults:2)
  3 black bears
  8 ice beasts
  2 sky beasts (D:5)
  4 eyes of draining
  3 necrophages
  A phantom (D:14)
  8 boggarts (Vaults:3)
  24 ogres
  A human skeleton (Vaults:4)
  6 wolves (Lair:2)
  14 centaurs
  14 crocodiles
  3 big kobolds
  24 bullfrogs
  A glowing shapeshifter simulacrum (Vaults:1)
  A gnoll sergeant (D:9)
  A hornet simulacrum (D:15)
  4 scorpions
  16 wights
  5 howler monkeys
  32 killer bees
  5 electric eels
  A lava snake (Swamp:4)
  7 crimson imps
  A bullfrog zombie (D:6)
  A quasit (D:9)
  3 hounds
  7 jellies
  24 orc priests
  A bullfrog skeleton (D:9)
  An iguana (D:5)
  An iron imp (Orc:2)
  Jessica (D:3)
  Ijyb (D:3)
  13 worker ants
  31 orc wizards
  2 hound zombies
  3 hound skeletons
  A mummy (D:9)
  Robin (D:3)
  13 adders
  5 gnolls
  4 shadow imps
  A white imp (Orc:2)
  An ooze (D:4)
  2 adder zombies
  2 worms (D:2)
  3 dart slugs
  3 leopard geckos
  133 orcs
  6 bats
  6 giant cockroaches
  12 goblins
  8 hobgoblins
  3 jackals (D:3)
  13 kobolds
  8 quokkas
  A ball python (D:8)
  5 frilled lizards
  2 quokka skeletons
  15 rats
  A briar patch (Swamp:3)
1602 creatures vanquished.

Vanquished Creatures (collateral kills)
  Kirke (Spider:3)
  3 hydras
  4 two-headed ogres
  Nergalle (D:10)
  Urug (D:11)
  A shambling mangrove (Swamp:2)
  An ironbrand convoker (Vaults:2)
  An orc knight (Vaults:2)
  A deep elf mage (Vaults:2)
  A yaktaur (Vaults:2)
  2 hornets (Swamp:2)
  A troll (D:9)
  A slime creature (Vaults:2)
  A hippogriff (D:9)
  A yak (D:11)
  A hungry ghost (D:9)
  2 orc warriors (Orc:2)
  3 ogres
  3 centaurs (D:11)
  2 big kobolds (D:9)
  3 gnoll sergeants (D:9)
  A wyvern skeleton (D:12)
  2 orc priests (Orc:2)
  2 gnolls (D:9)
  2 orcs (Orc:2)
42 creatures vanquished.

Vanquished Creatures (others)
  An emperor scorpion (Spider:4)
  Fannar (D:10)
  A shadow wraith (Vaults:4)
  A wolf spider (Spider:3)
  A tarantella (Spider:2)
  2 steam dragons (Swamp:4)
  3 swamp drakes (Swamp:4)
  A killer bee (D:13)
  A wight (D:13)
  An orc (Orc:2)
  2 quokkas (D:10)
  9 fungi
  43 plants
67 creatures vanquished.

Grand Total: 1711 creatures vanquished

Notes
Turn   | Place    | Note
-------+----------+-------------------------------------------
     0 | D:1      | nht the Vampire Berserker began the quest for the Orb.
     0 | D:1      | Reached XP level 1. HP: 17/17 MP: 1/1
   131 | D:1      | Reached XP level 2. HP: 21/23 MP: 2/2
   655 | D:2      | Reached skill level 4 in Long Blades
   664 | D:2      | Reached XP level 3. HP: 26/28 MP: 3/3
   691 | D:2      | Found an ornate altar of the Wu Jian Council.
   709 | D:2      | Reached ** piety under Trog
  1383 | D:3      | Reached XP level 4. HP: 31/34 MP: 4/4
  1398 | D:3      | Found a faded altar of an unknown god.
  1403 | D:3      | Reached skill level 5 in Long Blades
  1526 | D:3      | Noticed Ijyb
  1529 | D:3      | Reached *** piety under Trog
  1535 | D:3      | Killed Ijyb
  1591 | D:3      | Noticed Jessica
  1591 | D:3      | Noticed Robin
  1603 | D:3      | Reached XP level 5. HP: 39/39 MP: 5/5
  1606 | D:3      | Killed Jessica
  1606 | D:3      | Reached skill level 6 in Long Blades
  1610 | D:3      | Killed Robin
  1642 | D:3      | Found a sacrificial altar of Ru.
  1696 | D:3      | Reached skill level 12 in Long Blades
  1696 | D:3      | Reached XP level 6. HP: 46/46 MP: 6/6
  1747 | D:3      | Found a glowing silver altar of Zin.
  1747 | D:3      | Found an opulent altar of Gozag.
  2058 | D:4      | Reached skill level 13 in Long Blades
  2067 | D:4      | Gained mutation: Armour fits poorly on your strangely shaped body. [potion of mutation]
  2067 | D:4      | Gained mutation: You have a pair of small horns on your head. [potion of mutation]
  2096 | D:4      | Found a glowing golden altar of the Shining One.
  2202 | D:4      | Found a hazy altar of Hepliaklqana.
  2233 | D:4      | Found a stormy altar of Qazlal.
  2243 | D:4      | Found Sannupyg's Jewellery Shoppe.
  2268 | D:4      | You fall through a shaft for 2 floors!
  2276 | D:6      | Reached XP level 7. HP: 51/51 MP: 7/7
  2285 | D:6      | Noticed derval's ghost (novice TrBe)
  2305 | D:5      | Entered Level 5 of the Dungeon
  2350 | D:5      | Reached **** piety under Trog
  2437 | D:5      | Reached XP level 8. HP: 41/58 MP: 8/8
  2829 | D:5      | You fall through a shaft for 3 floors!
  3121 | D:6      | Killed derval's ghost
  3121 | D:6      | Reached skill level 5 in Dodging
  3121 | D:6      | Reached XP level 9. HP: 60/64 MP: 9/9
  3222 | D:6      | Found Opitenag's Gadget Emporium.
  3239 | D:6      | Found a white marble altar of Elyvilon.
  3397 | D:5      | Found a staircase to the Ecumenical Temple.
  3519 | D:5      | Lost mutation: Armour fits poorly on your strangely shaped body. [potion of mutation]
  3519 | D:5      | Lost mutation: You have a pair of small horns on your head. [potion of mutation]
  3519 | D:5      | Gained mutation: You passively map a small area around you. [potion of mutation]
  3519 | D:5      | Gained mutation: You have a pair of small antennae on your head. [potion of mutation]
  3519 | D:5      | Gained mutation: You can translocate small distances at will. [potion of mutation]
  3519 | D:5      | Gained mutation: Your flesh is heat resistant. (rF+) [potion of mutation]
  3554 | D:5      | Found a sparkling altar of Nemelex Xobeh.
  3607 | D:5      | Reached ***** piety under Trog
  4216 | D:7      | Reached skill level 5 in Fighting
  4727 | D:7      | Got a pitted ring mail
  4738 | D:7      | Identified the +1 ring mail of Lethargy {rF+ Dex+3} (You found it on level 7 of the Dungeon)
  4784 | D:7      | Found a shadowy altar of Dithmenos.
  4894 | D:7      | Found a basalt altar of Yredelemnul.
  4929 | D:7      | Found a deep blue altar of Sif Muna.
  5056 | D:8      | Reached XP level 10. HP: 74/74 MP: 10/10
  5462 | D:8      | Reached skill level 14 in Long Blades
  5638 | D:8      | Found a sparkling altar of Nemelex Xobeh.
  5990 | D:8      | Noticed a two-headed ogre
  5999 | D:8      | Killed a two-headed ogre
  6119 | D:8      | Found a burning altar of Makhleb.
  6274 | D:9      | Found a snail-covered altar of Cheibriados.
  6320 | D:9      | Received a gift from Trog
  6356 | D:9      | Found a staircase to the Orcish Mines.
  6464 | D:9      | Found a bloodstained altar of Trog.
  6474 | D:9      | Reached skill level 1 in Throwing
  6723 | D:9      | Noticed a two-headed ogre
  6731 | D:9      | Killed a two-headed ogre
  6979 | D:9      | Reached XP level 11. HP: 81/81 MP: 11/11
  7316 | D:10     | Entered Level 10 of the Dungeon
  7434 | D:10     | Noticed Fannar
  7464 | D:10     | Killed Fannar
  7535 | D:10     | Found a staircase to the Lair.
  7555 | D:10     | Noticed a two-headed ogre
  7564 | D:10     | Killed a two-headed ogre
  7581 | D:10     | Noticed Nergalle
  7589 | D:10     | Killed Nergalle
  7619 | D:10     | Noticed a two-headed ogre
  7624 | D:10     | Reached skill level 5 in Throwing
  7628 | D:10     | Killed a two-headed ogre
  8080 | D:11     | Received a gift from Trog
  8262 | D:11     | Noticed Urug
  8272 | D:11     | Killed Urug
  8478 | D:11     | Found a corrupted altar of Lugonu.
  9087 | D:12     | Reached XP level 12. HP: 91/91 MP: 7/12
  9262 | D:12     | Noticed an eight-headed hydra
  9270 | D:12     | Killed an eight-headed hydra
  9272 | D:12     | Noticed a two-headed ogre
  9276 | D:12     | Killed a two-headed ogre
  9276 | D:12     | Received a gift from Trog
  9425 | D:12     | Noticed a five-headed hydra
  9436 | D:12     | Killed a five-headed hydra
  9940 | D:13     | Received a gift from Trog
  9949 | D:13     | Reached skill level 10 in Dodging
 10485 | D:13     | Noticed a centaur warrior
 10513 | D:13     | Killed a centaur warrior
 10830 | D:13     | Noticed an eight-headed hydra
 10841 | D:13     | Killed a ten-headed hydra
 10841 | D:13     | Reached XP level 13. HP: 99/99 MP: 13/13
 11116 | D:13     | Received a gift from Trog
 11203 | D:13     | Found a gate to the Vaults.
 11230 | D:13     | Reached skill level 10 in Fighting
 11491 | D:12     | Received a gift from Trog
 11548 | Lair:1   | Entered Level 1 of the Lair of Beasts
 11697 | Lair:1   | Noticed Erica
 11704 | Lair:1   | Killed Erica
 11704 | Lair:1   | Reached skill level 10 in Throwing
 11926 | Lair:1   | Found a deep blue altar of Sif Muna.
 12346 | Lair:2   | Received a gift from Trog
 12467 | Lair:2   | Noticed Prince Ribbit
 12476 | Lair:2   | Killed Prince Ribbit
 12484 | Lair:2   | Received a gift from Trog
 13422 | Lair:3   | Found a hole to the Spider Nest.
 13657 | Lair:3   | Found a staircase to the Swamp.
 14192 | Lair:4   | Reached ****** piety under Trog
 14213 | Lair:4   | Reached XP level 14. HP: 96/108 MP: 14/14
 14361 | Lair:4   | Got a shimmering leather armour
 14411 | Lair:4   | Identified the +1 leather armour of Anaesthesia {rC++ MR+ Dex+5} (You found it on level 4 of the Lair of Beasts)
 15140 | Lair:5   | Noticed Rupert
 15149 | Lair:5   | Killed Rupert
 15150 | Lair:5   | Received a gift from Trog
 15598 | Lair:5   | Identified a scroll of acquirement
 15608 | Lair:5   | Found a viscous altar of Jiyva.
 15609 | Lair:5   | Found a staircase to the Slime Pits.
 16079 | Lair:6   | Entered Level 6 of the Lair of Beasts
 16248 | Lair:6   | Received a gift from Trog
 16320 | Lair:6   | Got a warped demon blade {god gift}
 16321 | Lair:6   | Identified the +2 demon blade of Destruction {freeze, *Rage rF+ MR+} (Trog gifted it to you on level 6 of the Lair of Beasts)
 16502 | Lair:6   | Reached XP level 15. HP: 113/113 MP: 15/15
 16989 | Lair:6   | Received a gift from Trog
 16998 | Lair:6   | Reached skill level 15 in Throwing
 17059 | Lair:6   | Got an ichor-stained triple crossbow
 17060 | Lair:6   | Identified the +10 triple crossbow "Hanif" {elec, Str+5} (You found it on level 6 of the Lair of Beasts)
 17068 | Lair:6   | Got a clouded tin amulet
 17075 | Lair:6   | Identified the amulet of Healyili {Faith rElec Int+7} (You found it on level 6 of the Lair of Beasts)
 17335 | Lair:6   | Received a gift from Trog
 17535 | Orc:1    | Entered Level 1 of the Orcish Mines
 17788 | Orc:2    | Entered Level 2 of the Orcish Mines
 17788 | Orc:2    | Found a staircase to the Elven Halls.
 18234 | Orc:2    | Received a gift from Trog
 18286 | Orc:2    | Noticed an orc warlord
 18302 | Orc:2    | Killed an orc warlord
 18416 | Orc:2    | Found Dasysan's Food Boutique.
 18419 | Orc:2    | Found Pasiodib's General Store.
 18427 | Orc:2    | Received a gift from Trog
 18630 | Orc:2    | Identified the +1 hat of Decompression {rF++ rC+ Stlth-} (You found it on level 2 of the Orcish Mines)
 18771 | Orc:2    | Received a gift from Trog
 18778 | Orc:2    | Reached skill level 15 in Long Blades
 19231 | Orc:2    | Found Hittoalot's Antique Armour Emporium.
 19231 | Orc:2    | Found a one-way gate leading to the halls of Pandemonium.
 19231 | Orc:2    | Found Xonir's Gadget Shoppe.
 19247 | Orc:2    | Reached skill level 16 in Long Blades
 19575 | Orc:2    | Noticed an orc warlord
 19590 | Orc:2    | Killed an orc warlord
 19639 | Orc:2    | Bought a polished scale mail for 162 gold pieces
 19639 | Orc:2    | Bought a sapphire-encrusted scale mail for 162 gold pieces
 19639 | Orc:2    | Bought a tattered robe for 102 gold pieces
 19641 | Orc:2    | Identified the +5 scale mail of Disaster {rPois rN+ MR+ Stlth+} (You bought it in a shop on level 2 of the Orcish Mines)
 19642 | Orc:2    | Identified the +4 scale mail of Darkness {+Fly rPois Slay-2 Stlth+} (You bought it in a shop on level 2 of the Orcish Mines)
 19643 | Orc:2    | Identified the +2 robe of Etiahub {rN+ Str+3} (You bought it in a shop on level 2 of the Orcish Mines)
 19698 | Orc:1    | Received a gift from Trog
 19699 | Orc:1    | Got a crystal falchion {god gift}
 19700 | Orc:1    | Identified the +13 falchion of Bloody Death {drain, Str+6} (Trog gifted it to you on level 1 of the Orcish Mines)
 20162 | D:14     | Found a hide-covered altar of Uskayaw.
 20455 | D:15     | Entered Level 15 of the Dungeon
 20469 | D:15     | Reached XP level 16. HP: 120/120 MP: 5/16
 20619 | D:15     | Found a labyrinth entrance.
 20623 | Lab      | Entered a labyrinth
 20719 | Lab      | Got a flickering brass ring
 20720 | Lab      | Identified the ring "Kunouwoe" {+Fly rN+ Slay+2} (You found it in a labyrinth)
 20793 | D:15     | Found a glowing golden altar of the Shining One.
 20822 | D:15     | Found a staircase to the Depths.
 20945 | D:15     | Reached skill level 17 in Long Blades
 21009 | D:15     | Found Ofaekh's Jewellery Boutique.
 21023 | D:15     | Bought the ring of the Voivode {rElec rN+ MR+ Int-4 Dex+4} for 593 gold pieces
 21595 | Spider:1 | Entered Level 1 of the Spider Nest
 21693 | Spider:1 | Received a gift from Trog
 22296 | Spider:1 | Reached skill level 18 in Long Blades
 23565 | Spider:3 | Received a gift from Trog
 23682 | Spider:3 | Noticed Arachne
 23770 | Spider:3 | Received a gift from Trog
 23828 | Spider:3 | Killed Arachne
 23828 | Spider:3 | Reached skill level 19 in Long Blades
 24243 | Spider:3 | Reached XP level 17. HP: 126/126 MP: 5/17
 24396 | Spider:3 | Noticed Kirke
 24412 | Spider:3 | Killed Kirke
 24648 | Spider:4 | Entered Level 4 of the Spider Nest
 24693 | Spider:4 | Received a gift from Trog
 24725 | Spider:4 | Got a shimmering great sword {god gift}
 24726 | Spider:4 | Identified the +12 great sword of Accidental Termination {slice, -Tele rElec SInv Stlth-} (Trog gifted it to you on level 4 of the Spider Nest)
 24817 | Spider:4 | Reached skill level 20 in Long Blades
 25127 | Spider:4 | Received a gift from Trog
 25384 | Spider:4 | Got a gossamer rune of Zot
 25444 | Spider:4 | Reached skill level 21 in Long Blades
 25851 | Swamp:1  | Entered Level 1 of the Swamp
 26057 | D:6      | Bought a wand of digging (8/24) for 240 gold pieces
 27020 | Swamp:2  | Received a gift from Trog
 27192 | Swamp:2  | Reached XP level 18. HP: 126/132 MP: 6/18
 27321 | Swamp:2  | Got a shimmering hunting sling {god gift}
 27322 | Swamp:2  | Identified the +2 hunting sling "Jeomewoa" {venom, rF- rN+ Str+2} (Trog gifted it to you on level 2 of the Swamp)
 27602 | Swamp:2  | Reached skill level 22 in Long Blades
 28180 | Swamp:3  | Received a gift from Trog
 28567 | Swamp:4  | Entered Level 4 of the Swamp
 28653 | Swamp:4  | Received a gift from Trog
 28862 | Swamp:4  | Reached skill level 23 in Long Blades
 29076 | Swamp:4  | Noticed Jorgrun
 29088 | Swamp:4  | Killed Jorgrun
 29108 | Swamp:4  | Identified the ring "Suadetzy" {*Corrode rPois Str+6 Int+6} (You acquired it on level 4 of the Swamp)
 29353 | Swamp:4  | Got a decaying rune of Zot
 29462 | Swamp:4  | Received a gift from Trog
 29723 | Spider:4 | Identified the +12 great sword of Armageddon {slice, Stlth+} (Trog gifted it to you on level 4 of the Spider Nest)
 29959 | Vaults:1 | Entered Level 1 of the Vaults
 29967 | Vaults:1 | Reached skill level 24 in Long Blades
 30104 | Vaults:1 | Received a gift from Trog
 30549 | Vaults:1 | Reached XP level 19. HP: 138/138 MP: 6/19
 30729 | Vaults:1 | Reached skill level 1 in Stealth
 30821 | Vaults:1 | Reached skill level 5 in Armour
 30867 | Vaults:1 | Identified the +1 leather armour "Faezxiun" {rElec MR- rCorr MP-9} (You took it off a wizard on level 1 of the Vaults)
 31119 | Vaults:1 | Received a gift from Trog
 31623 | Vaults:2 | Reached skill level 5 in Stealth
 31940 | Vaults:2 | Noticed Xtahua
 31950 | Vaults:2 | Killed Xtahua
 32092 | Vaults:2 | Received a gift from Trog
 32372 | Vaults:2 | Found a staircase to the Crypt.
 32372 | Vaults:2 | Found an ancient bone altar of Kikubaaqudgha.
 32375 | Vaults:2 | Found a basalt altar of Yredelemnul.
 32652 | Vaults:2 | Received a gift from Trog
 32861 | Vaults:2 | Reached XP level 20. HP: 150/151 MP: 6/20
 33367 | Vaults:3 | Noticed krabocopter's ghost (adept MiBe)
 33386 | Vaults:3 | Killed krabocopter's ghost
 33775 | Vaults:3 | Received a gift from Trog
 33899 | Vaults:3 | Received a gift from Trog
 34386 | Vaults:3 | Found Caur's Assorted Antiques.
 34416 | Vaults:3 | Reached skill level 10 in Stealth
 34428 | Vaults:3 | Bought a scroll of teleportation for 99 gold pieces
 34428 | Vaults:3 | Bought an encrusted chain mail for 313 gold pieces
 34428 | Vaults:3 | Bought a scroll of fog for 66 gold pieces
 34428 | Vaults:3 | Bought a scroll of identify for 66 gold pieces
 34428 | Vaults:3 | Identified the +3 chain mail "Sosifoewk" {rElec rC- Regen+ Str+3} (You bought it in a shop on level 3 of the Vaults)
 35285 | Vaults:4 | Received a gift from Trog
 35398 | Vaults:4 | Received a gift from Trog
 35399 | Vaults:4 | Got a transparent triple sword {god gift}
 35400 | Vaults:4 | Identified the +10 triple sword of Qacvoth {slice, Int+5 Stlth+} (Trog gifted it to you on level 4 of the Vaults)
 35600 | Vaults:4 | Slain by an Ice Fiend

Vault maps used:
D:1:      sevenhm_arrival_forest_fort_large_4, serial_glass, glass_columns_a,
          glass_columns_a, glass_columns_b, glass_columns_a, glass_columns_b,
          glass_columns_b, glass_columns_a, glass_columns_c,
          corexii_leaking_fountain
D:2:      lemuel_coloured_pillars_altar
D:3:      grunt_temple_overflow_gold_and_silver,
          nicolae_ru_the_path_less_chosen, first_bread,
          chequers_ecumenical_altar_simple_redux, uniq_iyjb, uniq_jessica,
          uniq_robin
D:4:      kennysheep_mini_moat, old_standard_altar, lemuel_crystal_altar,
          serial_shops, shop
D:5:      minmay_temple_entry_fiery, nemelex_diamond_rough_becter
D:6:      lemuel_doored_altar, serial_shops, shop
D:7:      lemuel_blue_sif_altar, kennysheep_mini, grunt_dithmenos_smoke
D:8:      nemelex_xobeh_ov_fountains_minmay, makhleb_blood_cavern_becter
D:9:      bloody_trog, slow_altar_2, kennysheep_orc_monster_closet_entryway
D:10:     lair_entry_dummy, blue_anna_alchemist, kennysheep_decorative_pillar,
          uniq_nergalle, uniq_fannar
D:11:     kennysheep_kobold_lugonu_temple, uniq_urug
D:13:     lemuel_ice_statue, grunt_vaults_entry_tiered, elves_outpost_lemuel
D:14:     minmay_misc_feat_room, basic_altar, stair_cage_wide
D:15:     gammafunk_depths_entry_grave, serial_shops, shop_fountains,
          basic_altar, lab_entry_generic
Lair:1:   basic_altar, uniq_erica
Lair:2:   minivault_26, uniq_prince_ribbit2
Lair:3:   swamp_mist, nicolae_spider_entry_tight_spaces, serial_bayou_shore_b
Lair:5:   slime_altar_1, gammafunk_lair_bear_cave, uniq_rupert
Lair:6:   minmay_lair_end_frog_pond
Swamp:1:  nicolae_swamp_feature_on_the_river_bank
Swamp:2:  nicolae_swamp_fairy_circle, swamp_pool1,
          nicolae_swamp_alligator_family, infiniplex_staircase_pool
Swamp:3:  serial_swamp_ruin, evilmike_swamp_ruin_house_1,
          evilmike_swamp_ruin_rubble_2, evilmike_swamp_ruin_house_3, swamp_pool4
Swamp:4:  swamp_fiery, swamp_pool2, uniq_jorgrun
Spider:3: nicolae_arachne_temple, uniq_kirke, uniq_arachne
Spider:4: grunt_spider_rune_circles, einodemon_crawler_minivault
Orc:2:    pf_orc_diabolical, nicolae_orc_damp_corner, hangedman_minor_magic
Vaults:1: st_check, hangedman_vaults_corner_blocks, ontoclasm_vaults_chip,
          hangedman_vaults_corner, v_misc_29, nicolae_vaults_little_squares_4,
          vaults_standard_mumra_x, ontoclasm_vaults_fault,
          hangedman_vaults_slice
Vaults:2: minmay_crypt_entry_necro_gods, vaults_dpeg_cross,
          vaults_room_guarded_vault, v_misc_16,
          vaults_standard_mumra_enter_the_diamond, hangedman_vaults_pinch,
          v_misc_12, ontoclasm_vaults_decontamination,
          nicolae_vaults_network_barrier, vaults_mumra_hex, uniq_xtahua
Vaults:3: st_quartered_hall, ontoclasm_vaults_idyll, ontoclasm_vaults_tryst,
          grunt_vaults_swirl, v_alt_pattern_4, vaults_dpeg_diagonal,
          ontoclasm_vaults_eye, v_alt_pattern_5, v_misc_4,
          nicolae_vaults_alarming, hangedman_vaults_cutoff,
          ontoclasm_vaults_gateway, serial_shops, shop
Vaults:4: grunt_vaults_focal, v_misc_16, vaults_dpeg_encased_lava,
          vaults_mumra_minichess_inversion, nicolae_vaults_network_periphery,
          hangedman_vaults_capsules, v_misc_12, hangedman_vaults_trim
Lab:      labyrinth_hidden_loot, labyrinth_skeletal_remains, nicolae_lab_x,
          nicolae_lab_arrow

Skill      XL: |  1  2  3  4  5  6  7  8  9 10 11 12 13 14 15 16 17 18 19 20 |
---------------+-------------------------------------------------------------+-----
Long Blades    | 4 5 12 13 14 16 19 21 24 | 24.4
Fighting       | 3 4 5 6 8 9 10 11 | 11.9
Dodging        | 3 5 6 7 9 10 12 13 14 | 14.9
Throwing       | 3 6 9 10 14 15 16 17 | 17.3
Armour         | 3 4 6 7 |  7.6
Stealth        | 7 11 | 11.2

Action                   |  1- 3 |  4- 6 |  7- 9 | 10-12 | 13-15 | 16-18 | 19-21 || total
-------------------------+-------+-------+-------+-------+-------+-------+-------++-------
Melee: Falchion          |    95 |   107 |   295 |       |       |       |       ||   497
       Bite              |    13 |    16 |    50 |    93 |   240 |   291 |   194 ||   897
       Short sword       |    16 |       |       |       |       |       |       ||    16
       Headbutt          |       |     3 |    56 |       |       |       |       ||    59
       Scimitar          |       |       |    54 |   655 |   891 |       |       ||  1600
       Triple sword      |       |       |       |       |   374 |  1384 |   882 ||  2640
Throw: Tomahawk          |       |       |       |       |   126 |   434 |   231 ||   791
       Javelin           |       |       |       |       |     2 |       |    72 ||    74
       Throwing net      |       |       |       |       |       |       |     1 ||     1
Invok: Berserk           |     2 |     5 |    12 |    17 |    17 |     8 |     8 ||    69
       Burn Spellbooks   |       |     1 |     1 |     4 |     5 |     3 |       ||    14
       Trog's Hand       |       |       |     2 |     3 |     3 |     6 |     6 ||    20
       Brothers in Arms  |       |       |       |     5 |     1 |     4 |     3 ||    13
 Abil: Blink             |       |       |       |     2 |       |       |       ||     2
Evoke: Wand              |       |       |     1 |    25 |     4 |    24 |       ||    54
  Use: Potion            |    13 |    10 |    17 |    39 |    51 |    36 |    26 ||   192
       Scroll            |     6 |     7 |     6 |     7 |    24 |    19 |     8 ||    77
 Stab: Sleeping          |     2 |       |     1 |       |       |       |     1 ||     4
       Distracted        |       |     1 |       |       |     2 |       |     1 ||     4
       Confused          |       |       |     5 |       |       |     1 |       ||     6
  Eat: Corpse            |       |     5 |    13 |     7 |    14 |    13 |     7 ||    59
Armor: Animal skin       |    29 |    18 |     2 |       |       |       |       ||    49
       Scale mail        |       |       |    71 |   214 |       |       |       ||   285
       Chain mail        |       |       |       |     6 |   783 |  1299 |   525 ||  2613
Dodge: Dodged            |    88 |    67 |   171 |   443 |   927 |  1349 |   708 ||  3753
       Rpst.: Falchion   |    23 |    25 |    41 |       |       |       |       ||    89
       Scimitar          |       |       |    15 |   133 |   127 |       |       ||   275
       Triple sword      |       |       |       |       |   103 |   246 |   148 ||   497
